 Dungeon Crawl Stone Soup version 0.16-a0-3884-g0a5f664 (webtiles) character file.

6692 Argons the Spear-Bearer (level 10, -3/79 HPs)
             Began as a Mummy Abyssal Knight on Feb 1, 2015.
             Was a High Priest of Lugonu.
             Slain by a wraith (4 damage)
             ... on level 10 of the Dungeon on Feb 2, 2015.
             The game lasted 01:55:23 (19939 turns).

Argons the Spear-Bearer (Mummy Abyssal Knight)     Turns: 19939, Time: 01:55:24

Health: -3/79      AC:  6    Str: 15    XL:     10   Next: 74%
Magic:  0/12       EV: 13    Int: 11    God:    Lugonu [*****.]
Gold:   407        SH:  0    Dex: 14    Spells: 0 memorised, 9 levels left

rFire  x . .     SeeInvis .     e - +0 trident
rCold  + . .     Clarity  .     b - +0 leather armour
rNeg   + + +     SustAb   .     (no shield)
rPois  ∞         Gourm    .     o - +0 helmet
rElec  .         Spirit   +     j - +1 cloak
rCorr  .         Warding  .     (no gloves)
rMut   .         Stasis   .     (no boots)
MR     +....                    h - amulet of guardian spirit
Stlth  +.........               (no ring)
                                (no ring)

@: about to teleport, very slightly contaminated, somewhat resistant to hostile
enchantments, very unstealthy
A: no food or potions, fire vulnerability, restore body, cold resistance 1,
negative energy resistance 3, poison resistance, torment resistance, unbreathing
a: Depart the Abyss, Bend Space, Banish, Corrupt, Enter the Abyss, Renounce
Religion


You were on level 10 of the Dungeon.
You worshipped Lugonu.
Lugonu was extremely pleased with you.
You were not hungry.

You visited 2 branches of the dungeon, and saw 11 of its levels.
You visited the Abyss 1 time.

You collected 407 gold pieces.

Inventory:

Hand weapons
 e - a +0 trident (weapon)
 q - a +0 blowgun
Missiles
 i - 55 poisoned needles
 t - 2 tomahawks
 u - 5 tomahawks of returning (quivered)
Armour
 b - a +0 leather armour (worn)
 j - a +1 cloak (worn)
 o - a +0 helmet (worn)
 s - a +0 ring mail
Jewellery
 d - an uncursed ring of flight
 h - an amulet of guardian spirit (around neck)
Magical devices
 k - a wand of digging (2)
 n - a wand of disintegration (4)
 r - a wand of teleportation (0)
 v - a wand of lightning (5)
 w - a wand of magic darts (36)
Scrolls
 c - 14 scrolls of remove curse
 f - 3 scrolls of magic mapping
 g - 2 scrolls of enchant armour
 l - a scroll of recharging
 m - a scroll of identify
Books
 p - a book of Callings

   Spells                             Type                      Level
   a - Summon Small Mammal            Summoning                    1
   b - Call Imp                       Summoning                    2
   c - Call Canine Familiar           Summoning                    3
   d - Summon Guardian Golem          Hexes/Summoning              4
   e - Summon Lightning Spire         Summoning/Air                4
   f - Summon Ice Beast               Ice/Summoning                4


   Skills:
 - Level 7.0 Fighting
 + Level 11.5 Polearms
 - Level 4.0 Armour
 - Level 4.0 Dodging
 - Level 1.5 Invocations


You had 9 spell levels left.
You didn't know any spells.

Dungeon Overview and Level Annotations

Branches:
Dungeon (10/15)            Temple (1/1) D:4            Lair (0/8) D:9
    Orc: D:9-12

Altars:
Ashenzari
Cheibriados
Dithmenos
Elyvilon
Fedhas
Gozag
Kikubaaqudgha
Makhleb
Nemelex Xobeh
Okawaru
Qazlal
Ru
Sif Muna
Trog
Vehumet
Xom
Yredelemnul
Zin
The Shining One

Shops:
D:5 }!!   D:7 [

Annotations:
D:6 coldresist tunnel, runed door, Bikaver's ghost, experienced HaAs
D:10 Harold


Innate Abilities, Weirdness & Mutations

You do not eat or drink.
Your flesh is vulnerable to fire.
Your flesh is cold resistant.
You are immune to negative energy.
Your system is resistant to poisons.
You are immune to unholy pain and torment.
You can survive without breathing.


Message History

The wight hits you with a battleaxe of freezing.
* * * LOW HITPOINT WARNING * * *
The wraith hits you.
Evoke which item? (* to show all) (? for menu, Esc to quit)
Zapping:
r - a wand of teleportation {zapped: 3} (will waste charges)
Press: ? - help, Shift-Dir - straight line, f - you You feel strangely unstable.
Evoking this partially-identified wand wasted a few charges.
The wraith hits you!
* * * LOW HITPOINT WARNING * * *
You closely miss the wight.
The wight is lightly damaged.
The wight closely misses you.
You barely miss the wight.
The wight is lightly damaged.
The wraith barely misses you.
You puncture the wight!
The wight is almost destroyed.
The wight closely misses you. The wraith hits you.
You die...

####### ###########
#......###....O.$..###
#......#@zZ..<........
#.)....W.#.........###
#......###.....)...#
#......# #.....<...#
#......# #......%..#
'......# #.........#
#.....W# #.........
#.P.P.§# #######.#
#####+##


You could see a two-headed ogre, a wraith, an active ballistomycete, a wight and
a worker ant zombie.

Vanquished Creatures
  Pikel (D:5)
  Psyche (D:9)
  The ghost of Herpmino the Summoner, an experienced FeSu of Sif Muna (D:9)
  Grinder (D:6)
  A human (D:6)
  2 hippogriffs
  3 yaks
  Grum (D:9)
  Edmund (D:5)
  3 wolves (D:8)
  2 sky beasts
  4 slaves (D:5)
  2 ogres
  A centaur (D:9)
  3 orc warriors
  4 phantoms
  2 big kobolds
  5 giant frogs
  A water moccasin zombie (D:7)
  A wyvern skeleton (D:7)
  6 scorpions
  7 wights (D:9)
  6 killer bees (D:7)
  2 centaur zombies
  5 crimson imps
  2 giant frog zombies
  Crazy Yiuf (D:2)
  2 centaur skeletons
  2 hounds
  3 jellies (D:8)
  6 orc priests
  6 orc wizards
  6 worker ants
  6 iguanas
  Ijyb (D:2)
  2 hound zombies
  A hound skeleton (D:9)
  2 worker ant zombies
  11 adders
  3 gnolls (D:3)
  A river rat (D:9)
  A giant mite (D:2)
  2 worms
  An adder skeleton (D:9)
  An adder zombie (D:5)
  9 giant geckos
  6 oozes
  48 orcs
  2 ball pythons
  A bat skeleton (D:7)
  A bat zombie (D:5)
  13 goblins
  15 hobgoblins
  10 jackals
  2 quokkas
  19 bats
  15 giant cockroaches
  A giant gecko skeleton (D:6)
  A giant gecko zombie (D:7)
  2 giant newts
  3 giant spores
  A goblin skeleton (D:6)
  27 kobolds
  A quokka skeleton (D:6)
  13 rats
  6 ballistomycetes (D:8)
  A fungus (D:9)
323 creatures vanquished.

Vanquished Creatures (others)
  A goliath beetle (D:3)
  A giant spore (D:8)
  2 fungi (D:9)
4 creatures vanquished.

Grand Total: 327 creatures vanquished

Notes
Turn   | Place    | Note
--------------------------------------------------------------
     0 | Abyss:1  | Argons, the Mummy Abyssal Knight, began the quest for the Orb.
     0 | Abyss:1  | Reached XP level 1. HP: 18/18 MP: 1/1
    22 | D:1      | Escaped the Abyss
   127 | D:1      | Reached skill level 1 in Dodging
   343 | D:1      | Reached XP level 2. HP: 24/24 MP: 2/2
   506 | D:1      | Found a shattered altar of Ashenzari.
   654 | D:1      | Acquired Lugonu's second power
  1119 | D:1      | Reached XP level 3. HP: 29/29 MP: 3/3
  1981 | D:2      | Noticed Ijyb
  1998 | D:2      | Killed Ijyb
  2105 | D:2      | Reached XP level 4. HP: 21/35 MP: 4/4
  2718 | D:3      | Found a sparkling altar of Nemelex Xobeh.
  2829 | D:3      | Found a blossoming altar of Fedhas.
  2917 | D:3      | Acquired Lugonu's third power
  3219 | D:2      | Found a bloodstained altar of Trog.
  3347 | D:2      | Reached XP level 5. HP: 36/41 MP: 6/6
  4403 | D:4      | Reached skill level 4 in Polearms
  4709 | D:5      | Entered Level 5 of the Dungeon
  4962 | D:5      | Noticed an ice beast
  5137 | D:4      | Found an iron altar of Okawaru.
  5273 | D:4      | Reached XP level 6. HP: 37/47 MP: 4/7
  5415 | D:5      | Acquired Lugonu's fourth power
  5572 | D:5      | Noticed a sky beast
  5654 | D:4      | Noticed a phantom
  5704 | D:4      | Killed a phantom
  5704 | D:4      | Reached skill level 5 in Polearms
  6260 | D:4      | Found an ancient bone altar of Kikubaaqudgha.
  6618 | D:4      | Reached XP level 7. HP: 18/52 MP: 3/8
  6872 | D:4      | Found a staircase to the Ecumenical Temple.
  6879 | Temple   | Entered the Ecumenical Temple
  7672 | D:5      | Killed a sky beast
  7672 | D:5      | Reached skill level 6 in Polearms
  8386 | D:5      | Found Codas' Distillery.
  9072 | D:5      | Noticed Edmund
  9109 | D:5      | Killed Edmund
  9109 | D:5      | Reached skill level 7 in Polearms
  9195 | D:5      | Found Qehar's Distillery.
  9216 | D:5      | Found Khattep's Gadget Shop.
  9216 | D:5      | Noticed an ogre
  9300 | D:5      | Killed an ogre
  9300 | D:5      | Reached XP level 8. HP: 45/60 MP: 7/9
  9420 | D:5      | Noticed a slave
  9421 | D:5      | Noticed a slave
  9468 | D:5      | Killed a slave
  9619 | D:5      | Killed a slave
  9759 | D:4      | Found a stormy altar of Qazlal.
 10169 | D:5      | Noticed a slave
 10213 | D:5      | Killed a slave
 10352 | D:5      | Noticed Pikel
 10356 | D:5      | Noticed a slave
 10394 | D:5      | Killed Pikel
 10394 | D:5      | Reached skill level 5 in Fighting
 10394 | D:5      | Reached skill level 8 in Polearms
 10398 | D:5      | Killed a freed slave
 10916 | D:6      | Found an iron altar of Okawaru.
 11330 | D:6      | Noticed Grinder
 11371 | D:6      | Killed Grinder
 11371 | D:6      | Acquired Lugonu's fifth power
 11371 | D:6      | Reached XP level 9. HP: 66/71 MP: 11/11
 11421 | D:6      | Found a runed door.
 11421 | D:6      | Noticed a human
 11426 | D:6      | Found a basalt altar of Yredelemnul.
 11456 | D:6      | Killed a human
 12017 | D:6      | Noticed Bikaver's ghost (experienced HaAs)
 12213 | D:7      | Reached skill level 9 in Polearms
 12421 | D:7      | Found Miaqamn's Antique Armour Emporium.
 14257 | D:2      | Noticed Crazy Yiuf
 14282 | D:2      | Killed Crazy Yiuf
 15599 | D:8      | Found a sparkling altar of Nemelex Xobeh.
 15973 | D:8      | Reached XP level 10. HP: 39/79 MP: 5/12
 17117 | D:8      | Upgraded the game from 0.16-a0-3873-g452e4d5 to 0.16-a0-3884-g0a5f664
 17131 | D:8      | Reached skill level 10 in Polearms
 17260 | D:9      | Noticed Psyche
 17417 | D:9      | Noticed Grum
 17727 | D:9      | Killed Psyche
 17799 | D:9      | Killed Grum
 17875 | D:10     | Entered Level 10 of the Dungeon
 18736 | D:9      | Reached skill level 11 in Polearms
 18906 | D:9      | Noticed Herpmino's ghost (experienced FeSu)
 18962 | D:9      | Killed Herpmino's ghost
 19028 | D:9      | Found a staircase to the Lair.
 19145 | D:9      | Found a glowing silver altar of Zin.
 19145 | D:9      | Found a glowing golden altar of the Shining One.
 19145 | D:9      | Found a white marble altar of Elyvilon.
 19911 | D:10     | Noticed Harold
 19936 | D:10     | HP: 1/79 [wraith (10)]
 19939 | D:10     | Slain by a wraith

Action                   |  1- 3 |  4- 6 |  7- 9 | 10-12 || total
-------------------------+-------+-------+-------+-------++-------
Melee: Spear             |   180 |   486 |  1234 |       ||  1900
       Trident           |       |       |    24 |   467 ||   491
 Fire: Blowgun           |       |       |    34 |    10 ||    44
Throw: Stone             |     4 |       |       |       ||     4
       Tomahawk          |       |       |     1 |     1 ||     2
Evoke: Wand              |       |       |     2 |     3 ||     5
  Use: Scroll            |     2 |    10 |     7 |     3 ||    22
 Stab: Sleeping          |       |       |     3 |       ||     3
